 Dungeon Crawl Stone Soup version 0.14-a0-2950-gbe29d66 (webtiles) character file.

120 mahabra the Ruinous (level 3, 0/19 HPs)
             Began as a Deep Elf Conjurer on Mar 4, 2014.
             Slain by a jackal (2 damage)
             ... on Level 2 of the Dungeon.
             The game lasted 00:10:38 (1019 turns).

mahabra the Ruinous (Deep Elf Conjurer)             Turns: 1019, Time: 00:10:38

HP   0/19        AC  2     Str  6      XL: 3   Next: 62%
MP   3/10        EV 13     Int 19      God:
Gold 67          SH  0     Dex 15      Spells:  3 memorised,  2 levels left

rFire  . . .     SeeInvis .     h - +0 dagger
rCold  . . .     Clarity  .     a - +0 elf robe
rNeg   . . .     Conserve .     (no shield)
rPois  .         rCorr    .     (no helmet)
rElec  .         rRot     .     (no cloak)
SustAb . .       Spirit   .     (no gloves)
rMut   .         Warding  .     (no boots)
Saprov . . .     Stasis   .     (no amulet)
MR     .....                    (no ring)
                                (no ring)

@: not resistant to hostile enchantments, fairly stealthy
A: no striking features
a: no special abilities


You were on level 2 of the Dungeon.
You were not hungry.

You visited 1 branch of the dungeon, and saw 2 of its levels.

You collected 67 gold pieces.

Inventory:

Hand weapons
 h - a +0,+0 dagger (weapon)
Missiles
 i - 2 darts of flame (quivered)
Armour
 a - a +0 elven robe (worn)
Comestibles
 b - 2 bread rations
 j - a rotting chunk of bat flesh
 l - an apple
Scrolls
 d - a scroll of fog {unknown}
 e - 2 scrolls of identify {unknown}
 f - 3 scrolls of teleportation
 g - a scroll of random uselessness {unknown}
 k - 4 scrolls of enchant weapon II {unknown}
 m - a scroll of fear {unknown}
Books
 c - a book of Conjurations

   Spells                             Type                      Level
   *Magic Dart                        Conjuration                  1
   *Searing Ray                       Conjuration                  2
   *Dazzling Spray                    Conjuration/Hexes            3
   Fulminant Prism                    Conjuration/Hexes            4
   Iskenderun's Mystic Blast          Conjuration                  4
   Iskenderun's Battlesphere          Conjuration/Charms           5


   Skills:
 - Level 2.5 Dodging
 - Level 2.7 Stealth
 - Level 3.0 Spellcasting
 + Level 5.7 Conjurations


You had 2 spell levels left.
You knew the following spells:

 Your Spells              Type           Power        Failure   Level  Hunger
a - Magic Dart            Conj           ###.         1%          1    None
b - Searing Ray           Conj           ###...       1%          2    ##.....
c - Dazzling Spray        Conj/Hex       ##......     14%         3    ###....


Dungeon Overview and Level Annotations

Branches:
Dungeon (2/16)

Altars:


Message History

The jackal bites you.
* * * LOW HITPOINT WARNING * * *
The jackal closely misses you.
A bat comes into view.
The bat barely misses you. The bat closely misses you.
The bat hits you but does no damage. The bat misses you.
The bat closely misses you.
There is a stone staircase leading up here.
You climb upwards.
There is a stone staircase leading down here.
The jackal bites you.
* * * LOW HITPOINT WARNING * * *
You climb downwards.
The jackal bites you.
* * * LOW HITPOINT WARNING * * *
The jackal barely misses you.
There is a stone staircase leading up here.
The jackal bites you.
You die...

##.###.#####.##.# #.#
###...##.#####.##.# #.#
#............#.##.# #.#
#.#####.r###.#.##.# #.# #.#
#..# #...##.######.# #.#
#..###.............# #.#
#.rh.h...#########.#
#.#####..####r...........#
###.......(#@h...##..#..#....
#......###)#h##.###>###....##
##..(...###......# #..#..#.##
#......#......#### ##.).##.#
#.......####..# ##.###.#
#........###.%# #.# #.#
#.##..........# #.# #.# #.
###...##...### #.# #.. #.
##.........######.#


You could see 2 jackals and a rat.

Vanquished Creatures
  An adder (D:2)
  A worm (D:2)
  A giant gecko (D:1)
  A giant cockroach (D:1)
  8 goblins
  4 hobgoblins
  2 jackals (D:2)
  6 kobolds (D:1)
  2 ball pythons (D:1)
  3 bats
  4 giant newts (D:1)
  3 rats (D:1)
36 creatures vanquished.

Notes
Turn   | Place    | Note
--------------------------------------------------------------
     0 | D:1      | mahabra, the Deep Elf Conjurer, began the quest for the Orb.
     0 | D:1      | Reached XP level 1. HP: 10/10 MP: 5/5
   164 | D:1      | Reached XP level 2. HP: 15/15 MP: 6/8
   263 | D:1      | Learned a level 2 spell: Searing Ray
   285 | D:1      | Reached skill level 5 in Conjurations
   756 | D:2      | Reached XP level 3. HP: 19/19 MP: 6/10
   761 | D:2      | Learned a level 3 spell: Dazzling Spray
  1019 | D:2      | Slain by a jackal

Action                   || total
-------------------------++-------
Melee: Dagger            ||     7
 Cast: Magic Dart        ||    82
  Use: Scroll            ||     1
